 Dungeon Crawl Stone Soup version 0.31-a0-965-g8a8ce12e04 (webtiles) character file.

Game seed: 2874031317039156800

15 dialectric the Shield-Bearer (level 2, 0/27 HPs)
             Began as a Minotaur Fighter on Oct 26, 2023.
             Slain by an adder (3 damage)
             ... on level 2 of the Dungeon.
             The game lasted 00:00:37 (657 turns).

dialectric the Shield-Bearer (Minotaur Fighter)      Turns: 657, Time: 00:00:37

Health: 0/27       AC:  7    Str: 20    XL:     2   Next: 34%
Magic:  1/1        EV:  9    Int:  5    God:
Gold:   33         SH:  0    Dex:  9    Spells: 1/1 levels left

rFire   . . .        a - +0 long sword
rCold   . . .        (no shield)
rNeg    . . .        b - +0 scale mail
rPois   .            (helmet restricted)
rElec   .            (no cloak)
rCorr   .            (no gloves)
SInv    .            (no boots)
Will    .....        (no amulet) Stlth
                     (no ring)
HPRegen 0.24/turn    (no ring)
MPRegen 0.07/turn

%: no passive effects
@: lethally poisoned (0 -> -5)
A: horns 2, retaliatory headbutt
a: no special abilities


You were on level 2 of the Dungeon.
You visited 1 branch of the dungeon, and saw 2 of its levels.

You collected 33 gold pieces.

Inventory:

Hand Weapons
 a - a +0 long sword (weapon)
Armour
 b - a +0 scale mail (worn)
 c - a +0 buckler
Scrolls
 e - 2 scrolls of immolation {unknown}
 f - a scroll of amnesia {unknown}
 g - 2 scrolls of identify {unknown}
Potions
 d - a potion of might


   Skills:
 + Level 3.8 Fighting
 + Level 2.5 Long Blades
 + Level 3.8 Armour
 * Level 0.1 Dodging
 - Level 4.1 Shields


You had one spell level left.
You didn't know any spells.
Your spell library was empty.

Dungeon Overview and Level Annotations

Branches:
Dungeon (2/15)

Altars:

Annotations:
D:1 1 transporter
D:2 Sigmund


Innate Abilities, Weirdness & Mutations

You have a pair of horns on your head.
You reflexively headbutt those who attack you in melee.


Message History

You open the door.
You feel sick. The adder closely misses you. Sigmund closely misses you.
You feel sick. The adder attacks as it pursues you! The adder bites you.
* * * LOW HITPOINT WARNING * * *
You are more poisoned.
The adder poisons you!
There is an open door here.
You feel sick. The adder barely misses you.
You feel sick.
It was a potion of heal wounds.
You feel much better.
You feel sick. The adder closely misses you.
You feel sick.
Sigmund mumbles some strange words.
Sigmund flickers and vanishes!
Deactivating autopickup; reactivate with Ctrl-A.
The adder barely misses you.
An endoplasm comes into view.
You feel sick.
You are no longer poisoned.
You hit the endoplasm.
The endoplasm is heavily wounded.
The adder bites you but does no damage.
The endoplasm hits you but does no damage.
The adder bites you.
You hit the endoplasm but do no damage. You headbutt the endoplasm.
You kill the endoplasm!
Something hits you. The adder barely misses you. Something hits you.
The adder completely misses you. You furiously retaliate!
You headbutt the adder. The adder attacks as it pursues you!
The adder bites you but does no damage. Something hits you.
The adder bites you.
You are poisoned.
The adder poisons you!
You closely miss the adder.
The adder is heavily wounded.
You feel sick. The adder closely misses you. Something hits you!
* * * LOW HITPOINT WARNING * * *
The adder bites you.
You die...

####### #.@...#
#S###.# #.###
#l..# ###l# #.#
#.#####'#+###
#...........#
#...........#####


You could see an adder and a frilled lizard.

Vanquished Creatures
  A dart slug (D:1)
  A bat (D:2)
  An endoplasm (D:2)
  A goblin (D:1)
  2 jackals (D:1)
  2 kobolds (D:1)
  A quokka (D:1)
  A ball python (D:1)
  2 frilled lizards (D:1)
12 creatures vanquished.

Notes
Turn   | Place    | Note
-------+----------+-------------------------------------------
     0 | D:1      | dialectric the Minotaur Fighter began the quest for the
                  | Orb.
     0 | D:1      | Reached XP level 1. HP: 19/19 MP: 0/0
   234 | D:1      | Reached skill level 4 in Shields
   234 | D:1      | Reached XP level 2. HP: 25/27 MP: 1/1
   636 | D:2      | Noticed Sigmund
   657 | D:2      | Slain by an adder

Illustrated notes

Levels and vault maps discovered:
D:1:      spicycebolla_arrival_risky_transporter, layout_basic,
          amcnicky_mini_corridor_feature, hangedman_decor_points
D:2:      layout_basic, basic_altar, uniq_sigmund

Skill      XL: |  1 |
---------------+----+-----
Shields        | 4 |  4.1
Fighting       | |  3.8
Long Blades    | |  2.5
Armour         | |  3.8
Dodging        | |  0.1

Action                     || total
---------------------------++-------
  Melee: Long sword        ||    28
         Headbutt          ||     5
    Use: Potion            ||     1
 Armour: Scale mail        ||    35
  Dodge: Dodged            ||    16

Table legend: (Time is in decaauts)
 A = Elapsed time spent in this place.
 B = Non-inter-level travel time spent in this place.
 C = Inter-level travel time spent in this place.
 D = Time resting spent in this place.
 E = Time spent auto-exploring this place.
 F = Levels seen in this place.
 G = Mean time per level.
                   A        B        C        D        E       F      G
               +--------+--------+--------+--------+--------+-----+--------+
         Total |    664 |    639 |     25 |      0 |    534 |   2 |  332.0 |
       Dungeon |    664 |    639 |     25 |      0 |    534 |   2 |  332.0 |
               +--------+--------+--------+--------+--------+-----+--------+

Top non-repeatable levels by time:
     D:1: 642 daAuts
     D:2: 21 daAuts
